 Dungeon Crawl Stone Soup version 0.21.1-1-g345015f (webtiles) character file.

47143 nicolaieve the Severer (level 14, -1/127 HPs)
             Began as a Minotaur Berserker on July 19, 2018.
             Was a High Priest of Trog.
             Slain by a crocodile (4 damage)
             ... on level 6 of the Lair of Beasts.
             The game lasted 01:05:28 (15043 turns).

nicolaieve the Severer (Minotaur Berserker)        Turns: 15043, Time: 01:05:28

Health: -1/127     AC: 17    Str: 29    XL:     14   Next: 7%
Magic:  13/13      EV:  2    Int:  4    God:    Trog [*****.]
Gold:   1542       SH:  0    Dex: 10    Spells: 13/13 levels left

rFire    . . .     SeeInvis .   D - +6 executioner's axe (flame)
rCold    + + .     Gourm    .   (shield currently unavailable)
rNeg     + + +     Faith    .   a - +2 scale mail of Claustrophobia {rPois rC++ Str+2}
rPois    ∞         Spirit   .   (helmet restricted)
rElec    .         Reflect  .   u - +1 cloak
rCorr    .         Harm     .   t - +0 pair of gloves
MR       +....                  I - +0 pair of boots
Stlth    ..........             (no amulet)
HPRegen  0.31/turn              v - +3 ring of evasion
MPRegen  0.13/turn              (no ring)

@: petrified
A: retaliatory headbutt, horns 2
a: Berserk, Trog's Hand, Brothers in Arms, Burn Spellbooks, Renounce Religion


You were on level 6 of the Lair of Beasts.
You worshipped Trog.
Trog was extremely pleased with you.
You were not hungry.

You visited 2 branches of the dungeon, and saw 17 of its levels.
You also visited: Ossuary and Volcano.

You collected 1662 gold pieces.
You spent 120 gold pieces at shops.

Inventory:

Hand Weapons
 x - a +0 battleaxe
 D - a +6 executioner's axe of flaming (weapon)
 H - the +2 war axe "Solla" {chop, rC+ MR+}
   (You found it on level 6 of the Lair of Beasts)

   It inflicts extra damage upon your enemies.
   It protects you from cold.
   It affects your resistance to hostile enchantments.
 M - a +2 broad axe of flaming
Armour
 a - the +2 scale mail of Claustrophobia (worn) {rPois rC++ Str+2}
   (You found it on level 11 of the Dungeon)

   It affects your strength (+2).
   It greatly protects you from cold.
   It protects you from poison.
 t - a +0 pair of gloves (worn)
 u - a +1 cloak (worn)
 w - a +0 plate armour
 I - a +0 pair of boots (worn)
Jewellery
 v - a +3 ring of evasion (left hand)
Wands
 d - a wand of iceblast (15)
 p - a wand of paralysis (37)
 s - a wand of acid (22)
 y - a wand of polymorph (26)
 B - a wand of disintegration (17)
Scrolls
 g - 6 scrolls of remove curse
 h - 11 scrolls of teleportation
 i - 2 scrolls of fear
 l - 3 scrolls of holy word
 m - 3 scrolls of enchant armour
 o - 3 scrolls of magic mapping
 q - 7 scrolls of immolation
 z - 4 scrolls of fog
 E - 2 scrolls of blinking
 F - a scroll of brand weapon
 K - a scroll of silence {unknown}
Potions
 b - 7 potions of flight
 e - 4 potions of ambrosia
 f - 4 potions of might
 j - 6 potions of heal wounds
 k - 9 potions of curing
 n - 4 potions of agility
 r - a potion of cancellation
 A - 3 potions of lignification
 C - a potion of resistance
Comestibles
 c - 17 rations
 J - 9 chunks of flesh


   Skills:
 - Level 12.7 Fighting
 + Level 20.8 Axes
 - Level 13.2 Armour
 + Level 5.1 Dodging
 + Level 0.1 Evocations


You had 13 spell levels left.
You didn't know any spells.

Dungeon Overview and Level Annotations

Branches:
Dungeon (11/15)            Temple (0/1) D:6            Lair (6/6) D:11
 Shoals (0/4) Lair:2        Snake (0/4) Lair:4        Slime (0/5) Lair:5
    Orc (0/2) D:10

Altars:
Ashenzari
Cheibriados
Dithmenos
Elyvilon
Fedhas
Kikubaaqudgha
Makhleb
Nemelex Xobeh
Okawaru
Qazlal
Ru
Sif Muna
Uskayaw
Zin
Beogh

Shops:
D:5 *

Annotations:
Lair:1 exclusion: oklob plant
Lair:2 exclusion: oklob plant


Innate Abilities, Weirdness & Mutations

You reflexively headbutt those who attack you in melee.
You have a pair of horns on your head.


Message History

* * * LOW HITPOINT WARNING * * *
The catoblepas gores you!
* * * LOW HITPOINT WARNING * * *
The crocodile bites you!
* * * LOW HITPOINT WARNING * * *
The spiny frog stings you but does no damage.
The hell rat bites you but does no damage.
The catoblepas breathes a plume of calcifying dust at you.
The blast of calcifying dust hits you!
The crocodile bites you but does no damage. 2 hell rats come into view.
You are engulfed in calcifying dust.
The hell rat roars deafeningly!
The spiny frog stings you.
* * * LOW HITPOINT WARNING * * *
The hell rat bites you but does no damage.
The catoblepas gores you!!
* * * LOW HITPOINT WARNING * * *
The crocodile bites you!
You die...

#.#.# ..#.## #..###
#♣....######
##.....%##P.##
#......%.....###
#........§.....###
♣....#.#..§.r....#.
♣..........@F....r$
#♣.........tY......
#....#............
#♣.......#.###rr.r
♣.P.P.#.... ...
#..P........ ..
........... .
..........


You could see a catoblepas, a spiny frog, a crocodile and 5 hell rats.

Vanquished Creatures
  2 ogre magi (D:11)
  The ghost of aaksess the Thaumaturge, a journeyman GnFE of Vehumet (D:11)
  A catoblepas (Lair:4)
  5 hydras
  A centaur warrior (D:11)
  Erica (D:8)
  5 two-headed ogres
  2 skeletal warriors (Volcano)
  An unseen horror (D:11)
  An orc knight (D:10)
  An anaconda skeleton (Volcano)
  9 elephants (Lair:6)
  A manticore (D:11)
  A toenail golem (Volcano)
  4 black mambas
  8 spiny frogs
  3 merfolk sirens (Lair:2)
  4 torpor snails
  2 rime drakes (Lair:4)
  6 gargoyles
  6 komodo dragons
  A merfolk (Lair:2)
  2 trolls (D:11)
  The ghost of Tiamon the Covert, a novice SpEn of Ashenzari (D:5)
  5 harpy skeletons (Volcano)
  3 dream sheep (Lair:4)
  5 blink frogs (Lair:3)
  3 hippogriffs
  A spriggan (D:11)
  An alligator skeleton (Volcano)
  2 flying skulls (Volcano)
  3 wraiths
  3 wyverns
  4 basilisks
  3 fire bats (Lair:5)
  32 yaks
  A hungry ghost (D:11)
  An acid dragon (D:11)
  2 nagas (Lair:4)
  5 porcupines
  Duvessa (D:7)
  10 water moccasins
  A hornet zombie (D:11)
  4 ice beasts
  12 orc warriors
  3 sky beasts
  2 phantoms
  A necrophage (D:11)
  12 ogres
  An eye of draining (D:6)
  2 centaurs (D:9)
  5 wolves (Lair:1)
  10 crocodiles
  A big kobold (D:10)
  8 bullfrogs
  Dowan (D:7)
  A scorpion (D:10)
  4 killer bees (D:8)
  2 spriggan skeletons (Volcano)
  A troll skeleton (Volcano)
  8 wights
  5 crimson imps
  A bullfrog zombie (D:8)
  A wyvern simulacrum (D:10)
  5 hounds
  15 jellies
  7 orc wizards
  2 quasits
  7 orc priests
  2 centaur skeletons
  3 iguanas
  5 worker ants
  A killer bee zombie (D:5)
  A bullfrog simulacrum (D:10)
  A hound zombie (D:11)
  A naga skeleton (Volcano)
  3 hound skeletons
  A mummy (D:5)
  7 gnolls
  A howler monkey skeleton (D:6)
  15 adders
  2 shadow imps
  A white imp (D:10)
  2 oozes
  2 adder skeletons (D:8)
  An adder zombie (Ossuary)
  5 worms
  3 dart slugs
  5 leopard geckos
  58 orcs
  10 giant cockroaches
  4 hobgoblins
  5 jackals
  6 quokkas
  A ball python (D:4)
  9 bats
  3 frilled lizards
  A gnoll zombie (D:6)
  7 goblins
  A jackal skeleton (D:6)
  9 kobolds
  3 kobold zombies (Ossuary)
  A leopard gecko skeleton (D:4)
  An orc skeleton (Ossuary)
  2 orc zombies (Ossuary)
  A quokka zombie (D:7)
  6 rats
  2 rat zombies (D:6)
  A bush (Lair:1)
  A fungus (Lair:6)
  6 plants
476 creatures vanquished.

Vanquished Creatures (others)
  A flying skull (Volcano)
  2 fungi (Lair:6)
  2 plants (Lair:6)
5 creatures vanquished.

Grand Total: 481 creatures vanquished

Notes
Turn   | Place    | Note
-------+----------+-------------------------------------------
     0 | D:1      | nicolaieve the Minotaur Berserker began the quest for the Orb.
     0 | D:1      | Reached XP level 1. HP: 19/19 MP: 0/0
   209 | D:1      | Reached skill level 4 in Axes
   432 | D:1      | Reached XP level 2. HP: 26/26 MP: 1/1
   971 | D:2      | Reached skill level 5 in Axes
   985 | D:2      | Reached XP level 3. HP: 24/31 MP: 2/2
  1153 | D:2      | Reached ** piety under Trog
  1305 | D:2      | Reached skill level 6 in Axes
  1305 | D:2      | Reached XP level 4. HP: 26/39 MP: 3/3
  2003 | D:3      | Reached XP level 5. HP: 26/45 MP: 4/4
  2029 | D:3      | Reached *** piety under Trog
  2029 | D:3      | Reached skill level 7 in Axes
  2035 | D:3      | Noticed a phantom
  2048 | D:3      | Killed a phantom
  2081 | D:3      | Found a shattered altar of Ashenzari.
  2121 | D:3      | Reached skill level 8 in Axes
  2395 | D:4      | Noticed an ogre
  2401 | D:4      | Killed an ogre
  2401 | D:4      | Reached XP level 6. HP: 51/51 MP: 5/5
  2425 | D:4      | Reached skill level 9 in Axes
  2990 | D:4      | Reached XP level 7. HP: 45/57 MP: 6/6
  2992 | D:4      | Reached skill level 10 in Axes
  3021 | D:4      | Found a deep blue altar of Sif Muna.
  3140 | D:5      | Entered Level 5 of the Dungeon
  3171 | D:5      | Noticed Tiamon's ghost (novice SpEn)
  3182 | D:5      | Killed Tiamon's ghost
  3182 | D:5      | Reached skill level 11 in Axes
  3229 | D:5      | Reached XP level 8. HP: 64/64 MP: 7/7
  3252 | D:5      | Reached skill level 12 in Axes
  3463 | D:5      | Found Lev Buom's General Store.
  3467 | D:5      | Bought a scroll of identify for 30 gold pieces
  3467 | D:5      | Bought a potion of might for 60 gold pieces
  3467 | D:5      | Bought a scroll of identify for 30 gold pieces
  3727 | D:5      | Found a sacrificial altar of Ru.
  3783 | D:5      | Found a snail-covered altar of Cheibriados.
  3911 | D:6      | Reached **** piety under Trog
  3985 | D:6      | Reached skill level 5 in Fighting
  3990 | D:6      | Reached skill level 5 in Armour
  4187 | D:6      | Found a staircase to the Ecumenical Temple.
  4325 | D:6      | Found a sand-covered staircase.
  4338 | Ossuary  | Entered an ossuary
  4465 | Ossuary  | Noticed a flying skull
  4472 | Ossuary  | Noticed a flying skull
  4482 | Ossuary  | Noticed a flying skull
  4508 | Ossuary  | Noticed a flying skull
  4529 | Ossuary  | Reached XP level 9. HP: 57/75 MP: 8/8
  4917 | D:7      | Found a burning altar of Makhleb.
  4918 | D:7      | Found a hide-covered altar of Uskayaw.
  4923 | D:7      | Found a shadowy altar of Dithmenos.
  4924 | D:7      | Found an iron altar of Okawaru.
  4925 | D:7      | Found a stormy altar of Qazlal.
  4925 | D:7      | Found a white marble altar of Elyvilon.
  4925 | D:7      | Found a sparkling altar of Nemelex Xobeh.
  4926 | D:7      | Found a glowing silver altar of Zin.
  5006 | D:7      | Found an ancient bone altar of Kikubaaqudgha.
  5069 | D:7      | Noticed Duvessa
  5071 | D:7      | Noticed Dowan
  5076 | D:7      | Killed Duvessa
  5076 | D:7      | Killed Dowan
  5076 | D:7      | Reached ***** piety under Trog
  5299 | D:8      | Noticed a komodo dragon
  5306 | D:8      | Killed a komodo dragon
  5798 | D:8      | Noticed a two-headed ogre
  5803 | D:8      | Killed a two-headed ogre
  5803 | D:8      | Reached XP level 10. HP: 90/90 MP: 9/9
  5901 | D:8      | Noticed Erica
  5921 | D:8      | Killed Erica
  5921 | D:8      | Reached skill level 10 in Armour
  6560 | D:9      | Reached skill level 13 in Axes
  6974 | D:9      | Reached skill level 14 in Axes
  7239 | D:10     | Entered Level 10 of the Dungeon
  7276 | D:10     | Noticed a gargoyle
  7282 | D:10     | Killed a gargoyle
  7382 | D:10     | Reached XP level 11. HP: 71/97 MP: 10/10
  7431 | D:10     | Reached skill level 15 in Axes
  7726 | D:10     | Noticed an orc knight
  7751 | D:10     | Found a staircase to the Orcish Mines.
  7762 | D:10     | Killed an orc knight
  7763 | D:10     | Found a roughly hewn altar of Beogh.
  7863 | D:10     | Received a gift from Trog
  8072 | D:11     | Noticed a two-headed ogre
  8076 | D:11     | Killed a two-headed ogre
  8076 | D:11     | Reached skill level 16 in Axes
  8085 | D:11     | Noticed aaksess's ghost (journeyman GnFE)
  8096 | D:11     | Killed aaksess's ghost
  8170 | D:11     | Noticed a two-headed ogre
  8178 | D:11     | Killed a two-headed ogre
  8274 | D:11     | Reached skill level 17 in Axes
  8307 | D:11     | Noticed an ogre mage
  8308 | D:11     | Noticed a two-headed ogre
  8310 | D:11     | Killed an ogre mage
  8313 | D:11     | Killed a two-headed ogre
  8329 | D:11     | Noticed a centaur warrior
  8335 | D:11     | Noticed an ogre mage
  8344 | D:11     | Killed a centaur warrior
  8351 | D:11     | Reached skill level 18 in Axes
  8372 | D:11     | Killed an ogre mage
  8372 | D:11     | Reached XP level 12. HP: 59/104 MP: 11/11
  8530 | D:11     | Noticed a two-headed ogre
  8541 | D:11     | Killed a two-headed ogre
  8751 | D:11     | Found a staircase to the Lair.
  8779 | D:11     | Got a fine scale mail
  8791 | D:11     | Identified the +2 scale mail of Claustrophobia {rPois rC++ Str+2} (You found it on level 11 of the Dungeon)
  9027 | Lair:1   | Entered Level 1 of the Lair of Beasts
  9160 | Lair:1   | Reached skill level 19 in Axes
  9267 | Lair:1   | Reached ****** piety under Trog
  9330 | Lair:1   | Received a gift from Trog
  9489 | Lair:1   | Found a blossoming altar of Fedhas.
 10032 | Lair:2   | Found a snail-covered altar of Cheibriados.
 10055 | Lair:2   | Reached skill level 10 in Fighting
 10104 | Lair:2   | Found a staircase to the Shoals.
 10399 | Lair:2   | Received a gift from Trog
 11594 | Lair:4   | Noticed a catoblepas
 11615 | Lair:4   | Killed a catoblepas
 11615 | Lair:4   | Reached XP level 13. HP: 31/116 MP: 12/12
 11682 | Lair:4   | Found a staircase to the Snake Pit.
 12805 | Lair:5   | Received a gift from Trog
 12909 | Lair:5   | Found a dark tunnel.
 13016 | Volcano  | Entered a volcano
 13932 | Lair:5   | Found a staircase to the Slime Pits.
 14292 | Lair:5   | Reached skill level 20 in Axes
 14491 | Lair:6   | Entered Level 6 of the Lair of Beasts
 14873 | Lair:6   | Reached skill level 5 in Dodging
 14875 | Lair:6   | Reached XP level 14. HP: 95/127 MP: 13/13
 14979 | Lair:6   | Got a transparent war axe
 14988 | Lair:6   | Identified the cursed +2 war axe "Solla" {chop, rC+ MR+} (You found it on level 6 of the Lair of Beasts)
 15043 | Lair:6   | HP: 3/127 [catoblepas (13)]
 15043 | Lair:6   | Slain by a crocodile

Skill      XL: |  1  2  3  4  5  6  7  8  9 10 11 12 13 |
---------------+----------------------------------------+-----
Axes           | 4 5 6 8 9 11 12 14 18 19 20 | 20.8
Fighting       | 6 8 9 11 12 | 12.7
Armour         | 6 9 10 12 13 | 13.2
Dodging        | 5 |  5.1
Evocations     | |  0.1

Action                   |  1- 3 |  4- 6 |  7- 9 | 10-12 | 13-15 || total
-------------------------+-------+-------+-------+-------+-------++-------
Melee: Hand axe          |    92 |   127 |   279 |   101 |       ||   599
       Headbutt          |     7 |    23 |    71 |   117 |    70 ||   288
       War axe           |       |       |       |   492 |   148 ||   640
       Executioner's axe |       |       |       |       |    84 ||    84
       Broad axe         |       |       |       |       |    34 ||    34
Invok: Berserk           |       |     2 |     6 |    10 |     3 ||    21
       Trog's Hand       |       |       |       |     3 |     3 ||     6
       Burn Spellbooks   |       |       |       |     2 |     4 ||     6
Evoke: Wand              |       |       |     1 |       |       ||     1
  Use: Scroll            |       |       |     8 |    10 |     8 ||    26
       Potion            |       |       |       |       |     1 ||     1
  Eat: Chunk             |     1 |     7 |    10 |    27 |     3 ||    48
       Ration            |       |       |     1 |     1 |     4 ||     6
Armor: Chain mail        |    54 |    56 |    99 |    89 |       ||   298
       Scale mail        |     5 |       |       |    41 |    85 ||   131
       Plate armour      |       |       |       |    67 |    47 ||   114
Dodge: Dodged            |    55 |    47 |   117 |   257 |   171 ||   647
